Canadiens vs Avalanche

Created - February 24, 2023 at 20:18

Goals
1 2 3 OT1 SO T
Canadiens 2 0 1 0 0 3
Avalanche 1 0 2 0 1 4
Shots
1 2 3 OT1 SO T
Canadiens 7 6 7 1 3 21
Avalanche 11 4 8 1 3 24

1st period

1. Canadiens , Scott Hartnell 9 (Cam Fowler 15, John Gibson) at 4:00
2. Canadiens , Jean-Gabriel Pageau 16 (Greg Stewart 17, Steve Downie 13) at 7:47
3. Avalanche , Luke Witkowski 9 (Charlie Coyle 14, Tomas Tatar 9) at 16:47

Penalties :
Mattias Ekholm (Col) for Holding (Minor) at 1:01, Tomas Tatar (Col) for Diving (Minor) at 4:45, Colten Teubert (Col) for Hooking (Minor) at 11:24

2nd period

No Goal

Penalties :
Bryan Little (Col) for Hooking (Minor) at 0:17, Brandon Bollig (Mon) for High sticking (Minor) at 3:02, Jordan Szwarz (Mon) for High sticking (Minor) at 6:47, Ryan Kesler (Mon) for High sticking (Minor) at 11:18, Bobby Ryan (Mon) for Hooking (Minor) at 13:56

3rd period

4. Canadiens , Chris Kreider 27 (Mika Zibanejad 26, Mark Stuart 10) at 4:39 (PP)
5. Avalanche , Bryan Little 19 (Patric Hornqvist 24, Erik Karlsson 10) at 4:53
6. Avalanche , Bryan Little 20 (Jack Johnson 20, Mikkel Boedker 40) at 19:09

Penalties :
Patric Hornqvist (Col) for Hooking (Minor) at 0:11, Daniel Carr (Col) for Interference (Minor) at 4:26, Cam Fowler (Mon) for Interference (Minor) at 8:20

Overtime #1

No Goal

Penalties :
No Penalty

Shootout

Canadiens, Chris Kreider - Shot Misses the Net
Avalanche, Mikkel Boedker - Stopped by John Gibson
Canadiens, Jean-Gabriel Pageau - Stopped by Semyon Varlamov
Avalanche, Bryan Little - Stopped by John Gibson
Canadiens, Mika Zibanejad - Stopped by Semyon Varlamov
Avalanche, Patric Hornqvist - Goal!

Penalties :
No Penalty

Goalie Stats

John Gibson (Mon), 21 saves from 24 shots - (0.875), OTL, 12-12-3, 65:00 minutes
Semyon Varlamov (Col), 18 saves from 21 shots - (0.857), W, 13-11-2, 64:48 minutes

Players Stats for Canadiens

Player Name              G  A  P  +/- PIM S  H  SB GA TA FO     MP     PP MP  PK MP  
------------------------------------------------------------------------------------
Adam Fox                 0  0  0   0  0   1  3  1  0  0  0/0    22:57   5:28   0:00 
Bobby Ryan               0  0  0  -2  2   3  2  0  0  0  1/1    20:24   5:39   0:00 
Brandon Bollig           0  0  0   0  2   1  0  0  0  0  0/0    11:31   0:10   4:14 
Brian Dumoulin           0  0  0   0  0   0  1  0  0  1  0/0    13:56   0:04   3:57 
Cam Fowler               0  1  1  -1  2   2  1  2  2  0  0/0    24:01   4:36   3:10 
Chris Kreider            1  0  1  -2  0   2  3  1  1  0  1/1    22:26   5:39   2:05 
Corban Knight            0  0  0   0  0   0  3  0  0  0  1/2    10:22   0:10   2:38 
Greg Stewart             0  1  1   2  0   0  1  0  1  1  1/3    10:54   0:00   0:53 
Ian White                0  0  0   0  0   0  0  0  0  0  0/0    17:59   0:00   6:07 
Jean-Gabriel Pageau      1  0  1   1  0   1  3  0  1  0  6/13   18:15   4:19   3:10 
Jordan Szwarz            0  0  0  -1  2   2  1  0  0  0  0/0    12:17   0:10   0:00 
Kevin Shattenkirk        0  0  0   0  0   3  3  1  1  1  0/0    25:34   5:32   0:38 
Mark Stuart              0  1  1  -1  0   0  2  0  1  1  0/0    25:34   4:36   5:58 
Mattias Tedenby          0  0  0   0  0   0  2  0  0  0  0/0     6:50   0:00   0:00 
Mika Zibanejad           0  1  1  -2  0   1  0  0  0  0  11/26  20:21   5:39   0:00 
Ryan Kesler              0  0  0   0  2   1  0  0  1  0  4/12   15:37   0:00   4:07 
Scott Hartnell           1  0  1  -1  0   2  1  1  0  0  0/0    16:42   4:19   2:43 
Steve Downie             0  1  1   2  0   2  1  0  0  1  0/1    14:20   4:19   0:00 

Players Stats for Avalanche

Player Name              G  A  P  +/- PIM S  H  SB GA TA FO     MP     PP MP  PK MP  
------------------------------------------------------------------------------------
Bryan Little             2  0  2   2  2   5  4  0  1  0  10/20  24:28   5:21   4:44 
Charlie Coyle            0  1  1   1  0   4  3  0  2  1  8/14   22:18   4:33   3:43 
Colten Teubert           0  0  0  -1  2   0  1  3  0  1  0/0    23:17   3:53   3:24 
Daniel Carr              0  0  0  -1  2   0  1  1  1  1  0/0    12:21   0:00   1:18 
Erik Karlsson            0  1  1   2  0   2  0  1  0  0  0/0    29:11   6:02   5:36 
Evgeny Dadonov           0  0  0  -1  0   1  2  0  0  0  0/0     8:09   0:01   1:56 
Jack Johnson             0  1  1   2  0   0  1  2  0  0  0/0    30:57   6:02   5:36 
Jarred Tinordi           0  0  0   0  0   0  0  0  0  3  0/0    11:19   0:00   1:19 
Joel Edmundson           0  0  0   0  0   0  0  0  0  0  0/0     3:04   0:00   0:51 
Kyle Turris              0  0  0  -1  0   0  0  1  0  0  0/0     4:39   0:00   0:14 
Luke Witkowski           1  0  1   1  0   2  2  1  0  1  0/0    16:56   4:33   0:00 
Mattias Ekholm           0  0  0  -1  2   2  1  1  0  0  0/0    22:47   3:53   3:30 
Mikkel Boedker           0  1  1   1  0   4  2  0  1  0  8/11   28:22   5:21   5:41 
Patric Hornqvist         0  1  1   2  2   1  3  3  0  0  5/7    20:47   5:21   2:40 
Pavel Buchnevich         0  0  0  -1  0   2  1  0  0  0  0/0    11:30   0:01   0:00 
Stefan Elliott           0  0  0   0  0   0  0  0  0  0  0/0    10:00   0:00   0:00 
Tomas Tatar              0  1  1   1  2   0  1  0  0  0  0/0    17:39   4:33   0:00 
Vincent Trocheck         0  0  0  -1  0   1  2  0  0  1  3/7    12:02   0:01   0:00 

3 Stars

1 - Bryan Little (Col)
2 - Luke Witkowski (Col)
3 - Jean-Gabriel Pageau (Mon)

Power Play

Canadiens - 1 on 6 Attempt(s) - 16.67%
Avalanche - 0 on 5 Attempt(s) - 0.00%

Penalty Kill

Canadiens - 5 on 5 Attempt(s) - 100.00% - Score 0 goal in Penalty Kill
Avalanche - 5 on 6 Attempt(s) - 83.33% - Score 0 goal in Penalty Kill

Team Stat

Canadiens - Hits : 27 - Faceoff Wins : 25 - Blocked Shots : 6 - Penalty Minutes : 10
Avalanche - Hits : 24 - Faceoff Wins : 34 - Blocked Shots : 13 - Penalty Minutes : 12

Official

Referees : Dan Kelly and TJ Luxmore
Linesman : Greg Devorski and Derek Nansen

Game Notes

No Game Note

Finance

Level 1 -- Attendance: 5447 (90.78%) -- Ticket Income $544,700
Level 2 -- Attendance: 5000 (100.00%) -- Ticket Income $300,000
Level 3 -- Attendance: 2000 (100.00%) -- Ticket Income $70,000
Level 4 -- Attendance: 4000 (100.00%) -- Ticket Income $100,000
Luxury Box -- Attendance: 936 (93.60%) -- Ticket Income $187,200
Game was played at the Pepsi Center.
Total Attendance: 17383 (96.57%)
Total Ticket Income: $1,201,900
Other Income: $180,285
Total Income: $1,382,185

Canadiens

5 vs 5 Forward 
   Center                   Left Wing                Right Wing               Time % Phy DF OF 
 1 Mika Zibanejad           Chris Kreider            Bobby Ryan               40     0   1  4  
 2 Jean-Gabriel Pageau      Greg Stewart             Steve Downie             30     0   2  3  
 3 Ryan Kesler              Scott Hartnell           Jordan Szwarz            20     0   2  3  
 4 Corban Knight            Brandon Bollig           Mattias Tedenby          10     0   2  3  

5 vs 5 Defense 
   Defense                  Defense                                           Time % Phy DF OF 
 1 Kevin Shattenkirk        Adam Fox                                          40     0   2  3  
 2 Cam Fowler               Mark Stuart                                       30     0   2  3  
 3 Brian Dumoulin           Ian White                                         20     0   2  3  
 4 Kevin Shattenkirk        Cam Fowler                                        10     0   2  3  

PowerPlay Forward 
   Center                   Left Wing                Right Wing               Time % Phy DF OF 
 1 Mika Zibanejad           Chris Kreider            Bobby Ryan               60     0   1  4  
 2 Jean-Gabriel Pageau      Scott Hartnell           Steve Downie             40     0   1  4  

PowerPlay Defense
   Defense                  Defense                                           Time % Phy DF OF 
 1 Kevin Shattenkirk        Adam Fox                                          60     0   2  3  
 2 Cam Fowler               Mark Stuart                                       40     0   2  3  

Penalty Kill 4 Players Forward 
   Center                   Wing                     Time % Phy DF OF 
 1 Ryan Kesler              Brandon Bollig           60     0   4  1  
 2 Jean-Gabriel Pageau      Scott Hartnell           40     0   4  1  

Penalty Kill 4 Players Defense
   Defense                  Defense                  Time % Phy DF OF 
 1 Mark Stuart              Ian White                60     0   4  1  
 2 Brian Dumoulin           Cam Fowler               40     0   4  1  

Penalty Kill - 3 Players Forward 
   Forward                                           Time % Phy DF OF 
 1 Mika Zibanejad                                    60     0   5  0  
 2 Jean-Gabriel Pageau                               40     0   5  0  

Penalty Kill - 3 Players Defense
   Defense                  Defense                  Time % Phy DF OF 
 1 Kevin Shattenkirk        Cam Fowler               60     0   5  0  
 2 Ian White                Mark Stuart              40     0   5  0  

4 vs 4 Forward 
   Center                   Wing                     Time % Phy DF OF 
 1 Ryan Kesler              Jordan Szwarz            60     0   2  3  
 2 Corban Knight            Mattias Tedenby          40     0   2  3  

4 vs 4 Defense
   Defense                  Defense                  Time % Phy DF OF 
 1 Kevin Shattenkirk        Cam Fowler               60     0   2  3  
 2 Ian White                Mark Stuart              40     0   2  3  

Last Minutes Offensive
   Center                   Left Wing                Right Wing               Defense                  Defense                  
   Mika Zibanejad           Chris Kreider            Bobby Ryan               Kevin Shattenkirk        Adam Fox                 

Last Minutes Defensive
   Center                   Left Wing                Right Wing               Defense                  Defense                  
   Jean-Gabriel Pageau      Scott Hartnell           Jordan Szwarz            Ian White                Mark Stuart              

Goaltenders
Starting : John Gibson              
Backup : Allen York               

Extra Forwards
Normal : Chris Kreider, Mika Zibanejad, Bobby Ryan - PP : Chris Kreider, Mika Zibanejad - PK : Ryan Kesler
Extra Defensemen
Normal : Kevin Shattenkirk, Cam Fowler, Adam Fox - PP : Kevin Shattenkirk - PK : Cam Fowler, Mark Stuart
Penalty Shots
Chris Kreider, Jean-Gabriel Pageau, Mika Zibanejad, Scott Hartnell, Bobby Ryan

Scratches
Nick Spaling (Healthy), Philip Larsen (Healthy)

Avalanche

5 vs 5 Forward 
   Center                   Left Wing                Right Wing               Time % Phy DF OF 
 1 Bryan Little             Mikkel Boedker           Patric Hornqvist         40     1   2  2  
 2 Charlie Coyle            Tomas Tatar              Luke Witkowski           30     1   2  2  
 3 Vincent Trocheck         Daniel Carr              Pavel Buchnevich         20     1   2  2  
 4 Kyle Turris              Mikkel Boedker           Evgeny Dadonov           10     1   2  2  

5 vs 5 Defense 
   Defense                  Defense                                           Time % Phy DF OF 
 1 Jack Johnson             Erik Karlsson                                     40     1   2  2  
 2 Colten Teubert           Mattias Ekholm                                    30     1   2  2  
 3 Stefan Elliott           Jarred Tinordi                                    20     1   2  2  
 4 Joel Edmundson           Jack Johnson                                      10     1   2  2  

PowerPlay Forward 
   Center                   Left Wing                Right Wing               Time % Phy DF OF 
 1 Bryan Little             Mikkel Boedker           Patric Hornqvist         60     1   2  2  
 2 Charlie Coyle            Tomas Tatar              Luke Witkowski           40     1   2  2  

PowerPlay Defense
   Defense                  Defense                                           Time % Phy DF OF 
 1 Jack Johnson             Erik Karlsson                                     60     1   2  2  
 2 Colten Teubert           Mattias Ekholm                                    40     1   2  2  

Penalty Kill 4 Players Forward 
   Center                   Wing                     Time % Phy DF OF 
 1 Mikkel Boedker           Bryan Little             60     1   2  2  
 2 Patric Hornqvist         Charlie Coyle            40     1   2  2  

Penalty Kill 4 Players Defense
   Defense                  Defense                  Time % Phy DF OF 
 1 Jack Johnson             Erik Karlsson            60     1   2  2  
 2 Colten Teubert           Mattias Ekholm           40     1   2  2  

Penalty Kill - 3 Players Forward 
   Forward                                           Time % Phy DF OF 
 1 Mikkel Boedker                                    60     1   2  2  
 2 Bryan Little                                      40     1   2  2  

Penalty Kill - 3 Players Defense
   Defense                  Defense                  Time % Phy DF OF 
 1 Jack Johnson             Erik Karlsson            60     1   2  2  
 2 Colten Teubert           Mattias Ekholm           40     1   2  2  

4 vs 4 Forward 
   Center                   Wing                     Time % Phy DF OF 
 1 Mikkel Boedker           Bryan Little             60     1   2  2  
 2 Patric Hornqvist         Charlie Coyle            40     1   2  2  

4 vs 4 Defense
   Defense                  Defense                  Time % Phy DF OF 
 1 Jack Johnson             Erik Karlsson            60     1   2  2  
 2 Colten Teubert           Mattias Ekholm           40     1   2  2  

Last Minutes Offensive
   Center                   Left Wing                Right Wing               Defense                  Defense                  
   Bryan Little             Mikkel Boedker           Patric Hornqvist         Jack Johnson             Erik Karlsson            

Last Minutes Defensive
   Center                   Left Wing                Right Wing               Defense                  Defense                  
   Bryan Little             Mikkel Boedker           Patric Hornqvist         Jack Johnson             Erik Karlsson            

Goaltenders
Starting : Semyon Varlamov          
Backup : Marek Mazanek            

Extra Forwards
Normal : Vincent Trocheck, Pavel Buchnevich, Evgeny Dadonov - PP : Vincent Trocheck, Pavel Buchnevich - PK : Evgeny Dadonov
Extra Defensemen
Normal : Stefan Elliott, Jarred Tinordi, Joel Edmundson - PP : Stefan Elliott - PK : Jarred Tinordi, Joel Edmundson
Penalty Shots
Mikkel Boedker, Bryan Little, Patric Hornqvist, Charlie Coyle, Luke Witkowski

Scratches
James Van Riemsdyk (Healthy), Marc Staal (Healthy)

% Time on Ice - Canadiens

Lines # - Real PCT - Wanted PCT - Time Play
Normal Forward
1 - 38% - 40% - 14:53
2 - 26% - 30% - 10:25
3 - 23% - 20% - 8:55
4 - 14% - 10% - 5:23
Normal Defense
1 - 45% - 40% - 17:45
2 - 32% - 30% - 12:49
3 - 22% - 20% - 8:48
4 - 1% - 10% - 0:14
PP Forward
1 - 57% - 60% - 5:49
2 - 43% - 40% - 4:19
PP Defense
1 - 55% - 60% - 5:32
2 - 45% - 40% - 4:36
PK Forward
1 - 74% - 60% - 7:21
2 - 26% - 40% - 2:34
PK Defense
1 - 60% - 60% - 5:58
2 - 40% - 40% - 3:57
PK3 Forward
1 - 0% - 60%
2 - 0% - 40%
PK3 Defense
1 - 0% - 60%
2 - 0% - 40%
44 Forward
1 - 71% - 60% - 3:33
2 - 29% - 40% - 1:27
44 Defense
1 - 54% - 60% - 2:43
2 - 46% - 40% - 2:17
Last Minute Offensive  - 0:00
Last Minute Defensive  - 0:21
Total
Forward - 65:00
Defense - 65:00

% Time on Ice - Avalanche

Lines # - Real PCT - Wanted PCT - Time Play
Normal Forward
1 - 33% - 40% - 12:57
2 - 35% - 30% - 13:40
3 - 23% - 20% - 8:56
4 - 10% - 10% - 4:02
Normal Defense
1 - 37% - 40% - 14:41
2 - 35% - 30% - 13:51
3 - 23% - 20% - 9:17
4 - 4% - 10% - 1:46
PP Forward
1 - 54% - 60% - 5:22
2 - 46% - 40% - 4:33
PP Defense
1 - 61% - 60% - 6:02
2 - 39% - 40% - 3:53
PK Forward
1 - 68% - 60% - 6:51
2 - 32% - 40% - 3:17
PK Defense
1 - 55% - 60% - 5:36
2 - 45% - 40% - 4:32
PK3 Forward
1 - 0% - 60%
2 - 0% - 40%
PK3 Defense
1 - 0% - 60%
2 - 0% - 40%
44 Forward
1 - 73% - 60% - 3:38
2 - 27% - 40% - 1:22
44 Defense
1 - 64% - 60% - 3:13
2 - 36% - 40% - 1:47
Last Minute Offensive  - 0:22
Last Minute Defensive  - 0:00
Total
Forward - 65:00
Defense - 65:00

Play-by-Play

1st period


0:01 of 1st period - Chris Kreider wins face-off versus Bryan Little in neutral zone.
0:08 of 1st period - Bryan Little is hit by Kevin Shattenkirk and loses puck.
0:13 of 1st period - Wrist shot by Chris Kreider.
0:13 of 1st period - Shot Blocked by Jack Johnson.
0:15 of 1st period - Slapshot by Kevin Shattenkirk.
0:15 of 1st period - Deflect By Patric Hornqvist.
0:15 of 1st period - Stopped by Semyon Varlamov with a rebound.
0:17 of 1st period - Slapshot by Chris Kreider.
0:17 of 1st period - Stopped by Semyon Varlamov without a rebound.
0:18 of 1st period - Greg Stewart wins face-off versus Charlie Coyle in Avalanche zone.
0:49 of 1st period - Snap shot by Jordan Szwarz.
0:49 of 1st period - Shot Misses the Net.
0:51 of 1st period - Snap shot by Scott Hartnell.
0:51 of 1st period - Stopped by Semyon Varlamov with a rebound.
1:01 of 1st period - Minor Penalty to Mattias Ekholm for Holding.
1:02 of 1st period - Mikkel Boedker wins face-off versus Mika Zibanejad in Avalanche zone.
1:11 of 1st period - Kevin Shattenkirk is hit by Bryan Little and loses puck.
1:48 of 1st period - Patric Hornqvist is hit by Mark Stuart and loses puck.
2:28 of 1st period - Adam Fox is hit by Bryan Little and loses puck.
3:01 of 1st period - Penalty to Mattias Ekholm is over, Mattias Ekholm is back on ice.
3:01 of 1st period - Bobby Ryan is hit by Daniel Carr and loses puck.
3:47 of 1st period - Brian Dumoulin is hit by Charlie Coyle and loses puck.
4:00 of 1st period - Slapshot by Scott Hartnell.
4:00 of 1st period - Goal by Scott Hartnell - Canadiens : 1 - Avalanche : 0.
4:01 of 1st period - Jean-Gabriel Pageau wins face-off versus Bryan Little in neutral zone.
4:45 of 1st period - Minor Penalty to Tomas Tatar for Diving.
4:46 of 1st period - Mikkel Boedker wins face-off versus Mika Zibanejad in Avalanche zone.
6:19 of 1st period - Chris Kreider is hit by Evgeny Dadonov and loses puck.
6:24 of 1st period - Snap shot by Evgeny Dadonov.
6:24 of 1st period - Stopped by John Gibson without a rebound.
6:25 of 1st period - Patric Hornqvist wins face-off versus Jean-Gabriel Pageau in Canadiens zone.
6:26 of 1st period - Wrist shot by Charlie Coyle.
6:26 of 1st period - Stopped by John Gibson without a rebound.
6:27 of 1st period - Patric Hornqvist wins face-off versus Jean-Gabriel Pageau in Canadiens zone.
6:37 of 1st period - Off-side.
6:38 of 1st period - Mikkel Boedker wins face-off versus Mika Zibanejad in neutral zone.
6:45 of 1st period - Penalty to Tomas Tatar is over, Tomas Tatar is back on ice.
7:07 of 1st period - Snap shot by Mikkel Boedker.
7:07 of 1st period - Shot Blocked by Kevin Shattenkirk.
7:09 of 1st period - Slapshot by Erik Karlsson.
7:09 of 1st period - Stopped by John Gibson with a rebound.
7:11 of 1st period - Snap shot by Mikkel Boedker.
7:11 of 1st period - Shot Misses the Net.
7:13 of 1st period - Slapshot by Bryan Little.
7:13 of 1st period - Stopped by John Gibson with a rebound.
7:29 of 1st period - Wrist shot by Bryan Little.
7:29 of 1st period - Stopped by John Gibson without a rebound.
7:30 of 1st period - Vincent Trocheck wins face-off versus Greg Stewart in Canadiens zone.
7:45 of 1st period - Snap shot by Greg Stewart.
7:45 of 1st period - Shot Misses the Net.
7:47 of 1st period - Wrist shot by Jean-Gabriel Pageau.
7:47 of 1st period - Goal by Jean-Gabriel Pageau - Canadiens : 2 - Avalanche : 0.
7:48 of 1st period - Bryan Little wins face-off versus Mika Zibanejad in neutral zone.
9:24 of 1st period - Snap shot by Tomas Tatar.
9:24 of 1st period - Shot Misses the Net.
9:26 of 1st period - Slapshot by Jarred Tinordi.
9:26 of 1st period - Shot Blocked by Chris Kreider.
10:22 of 1st period - Snap shot by Daniel Carr.
10:22 of 1st period - Shot Misses the Net.
10:24 of 1st period - Slapshot by Jarred Tinordi.
10:24 of 1st period - Shot Blocked by Cam Fowler.
10:26 of 1st period - Wrist shot by Pavel Buchnevich.
10:26 of 1st period - Stopped by John Gibson without a rebound.
10:27 of 1st period - Mika Zibanejad wins face-off versus Bryan Little in Canadiens zone.
10:38 of 1st period - Mika Zibanejad is hit by Mikkel Boedker and loses puck.
11:22 of 1st period - Snap shot by Jean-Gabriel Pageau.
11:22 of 1st period - Shot Blocked by Colten Teubert.
11:24 of 1st period - Minor Penalty to Colten Teubert for Hooking.
11:25 of 1st period - Mikkel Boedker wins face-off versus Steve Downie in Avalanche zone.
12:44 of 1st period - Mattias Ekholm is hit by Jean-Gabriel Pageau and loses puck.
13:24 of 1st period - Penalty to Colten Teubert is over, Colten Teubert is back on ice.
13:30 of 1st period - Charlie Coyle is hit by Jordan Szwarz and loses puck.
14:14 of 1st period - Kyle Turris is hit by Greg Stewart and loses puck.
14:24 of 1st period - Icing by Mikkel Boedker.
14:25 of 1st period - Ryan Kesler wins face-off versus Vincent Trocheck in Avalanche zone.
15:14 of 1st period - Wrist shot by Mika Zibanejad.
15:14 of 1st period - Stopped by Semyon Varlamov with a rebound.
15:42 of 1st period - Wrist shot by Mikkel Boedker.
15:42 of 1st period - Stopped by John Gibson without a rebound.
15:43 of 1st period - Bobby Ryan wins face-off versus Bryan Little in Canadiens zone.
15:58 of 1st period - Wrist shot by Mika Zibanejad.
15:58 of 1st period - Shot Blocked by Patric Hornqvist.
16:00 of 1st period - Slapshot by Bobby Ryan.
16:00 of 1st period - Stopped by Semyon Varlamov without a rebound.
16:01 of 1st period - Charlie Coyle wins face-off versus Jean-Gabriel Pageau in Avalanche zone.
16:16 of 1st period - Wrist shot by Charlie Coyle.
16:16 of 1st period - Stopped by John Gibson with a rebound.
16:18 of 1st period - Slapshot by Charlie Coyle.
16:18 of 1st period - Stopped by John Gibson with a rebound.
16:37 of 1st period - Slapshot by Mikkel Boedker.
16:37 of 1st period - Deflect By Bryan Little.
16:37 of 1st period - Shot Misses the Net.
16:37 of 1st period - Puck is out of play.
16:38 of 1st period - Charlie Coyle wins face-off versus Mika Zibanejad in Canadiens zone.
16:41 of 1st period - Snap shot by Luke Witkowski.
16:41 of 1st period - Shot Misses the Net.
16:43 of 1st period - Snap shot by Charlie Coyle.
16:43 of 1st period - Stopped by John Gibson with a rebound.
16:47 of 1st period - Snap shot by Luke Witkowski.
16:47 of 1st period - Goal by Luke Witkowski - Canadiens : 2 - Avalanche : 1.
16:48 of 1st period - Mika Zibanejad wins face-off versus Patric Hornqvist in neutral zone.
16:51 of 1st period - Mikkel Boedker is hit by Bobby Ryan and loses puck.
17:21 of 1st period - Wrist shot by Bryan Little.
17:21 of 1st period - Shot Misses the Net.
17:59 of 1st period - Mattias Tedenby is hit by Vincent Trocheck and loses puck.
18:08 of 1st period - Colten Teubert is hit by Corban Knight and loses puck.
18:33 of 1st period - Jack Johnson is hit by Mark Stuart and loses puck.
19:00 of 1st period - Snap shot by Steve Downie.
19:00 of 1st period - Shot Blocked by Kyle Turris.
19:46 of 1st period - Snap shot by Mattias Tedenby.
19:46 of 1st period - Shot Misses the Net.
Goals for this period are 2 for Canadiens vs 1 for Avalanche.
Shots for this period are 7 for Canadiens vs 11 for Avalanche.

2nd period


0:01 of 2nd period - Bryan Little wins face-off versus Mika Zibanejad in neutral zone.
0:17 of 2nd period - Minor Penalty to Bryan Little for Hooking.
0:18 of 2nd period - Mika Zibanejad wins face-off versus Mikkel Boedker in Avalanche zone.
1:00 of 2nd period - Evgeny Dadonov is hit by Steve Downie and loses puck.
1:07 of 2nd period - Adam Fox is hit by Evgeny Dadonov and loses puck.
1:20 of 2nd period - Slapshot by Adam Fox.
1:20 of 2nd period - Shot Blocked by Patric Hornqvist.
2:17 of 2nd period - Penalty to Bryan Little is over, Bryan Little is back on ice.
2:25 of 2nd period - Snap shot by Jordan Szwarz.
2:25 of 2nd period - Stopped by Semyon Varlamov with a rebound.
3:02 of 2nd period - Minor Penalty to Brandon Bollig for High sticking.
3:03 of 2nd period - Bryan Little wins face-off versus Ryan Kesler in Canadiens zone.
5:01 of 2nd period - Off-side.
5:02 of 2nd period - Penalty to Brandon Bollig is over, Brandon Bollig is back on ice.
5:02 of 2nd period - Mika Zibanejad wins face-off versus Charlie Coyle in neutral zone.
5:13 of 2nd period - Snap shot by Chris Kreider.
5:13 of 2nd period - Shot Misses the Net.
5:52 of 2nd period - Snap shot by Ryan Kesler.
5:52 of 2nd period - Stopped by Semyon Varlamov without a rebound.
5:53 of 2nd period - Vincent Trocheck wins face-off versus Jean-Gabriel Pageau in Avalanche zone.
6:04 of 2nd period - Mattias Ekholm is hit by Cam Fowler and loses puck.
6:19 of 2nd period - Mika Zibanejad is hit by Tomas Tatar and loses puck.
6:47 of 2nd period - Minor Penalty to Jordan Szwarz for High sticking.
6:48 of 2nd period - Bryan Little wins face-off versus Ryan Kesler in Canadiens zone.
6:52 of 2nd period - Snap shot by Mikkel Boedker.
6:52 of 2nd period - Shot Misses the Net.
7:00 of 2nd period - Slapshot by Bryan Little.
7:00 of 2nd period - Shot Misses the Net.
7:39 of 2nd period - Ryan Kesler is hit by Bryan Little and loses puck.
7:50 of 2nd period - Wrist shot by Brandon Bollig.
7:50 of 2nd period - Stopped by Semyon Varlamov without a rebound.
7:51 of 2nd period - Jean-Gabriel Pageau wins face-off versus Charlie Coyle in Avalanche zone.
8:47 of 2nd period - Penalty to Jordan Szwarz is over, Jordan Szwarz is back on ice.
8:58 of 2nd period - Snap shot by Vincent Trocheck.
8:58 of 2nd period - Shot Misses the Net.
9:00 of 2nd period - Slapshot by Mattias Ekholm.
9:00 of 2nd period - Stopped by John Gibson with a rebound.
9:43 of 2nd period - Icing by Stefan Elliott.
9:44 of 2nd period - Charlie Coyle wins face-off versus Jean-Gabriel Pageau in Avalanche zone.
9:44 of 2nd period - Charlie Coyle is hit by Jean-Gabriel Pageau.
9:50 of 2nd period - Wrist shot by Mikkel Boedker.
9:50 of 2nd period - Stopped by John Gibson without a rebound.
9:51 of 2nd period - Patric Hornqvist wins face-off versus Mika Zibanejad in Canadiens zone.
10:04 of 2nd period - Snap shot by Bobby Ryan.
10:04 of 2nd period - Shot Blocked by Patric Hornqvist.
10:19 of 2nd period - Off-side.
10:20 of 2nd period - Ryan Kesler wins face-off versus Charlie Coyle in neutral zone.
10:29 of 2nd period - Wrist shot by Ryan Kesler.
10:29 of 2nd period - Shot Blocked by Colten Teubert.
10:35 of 2nd period - Wrist shot by Jordan Szwarz.
10:35 of 2nd period - Stopped by Semyon Varlamov without a rebound.
10:36 of 2nd period - Mika Zibanejad wins face-off versus Patric Hornqvist in Avalanche zone.
10:41 of 2nd period - Snap shot by Chris Kreider.
10:41 of 2nd period - Shot Misses the Net.
11:03 of 2nd period - Tomas Tatar is hit by Kevin Shattenkirk and loses puck.
11:15 of 2nd period - Off-side.
11:16 of 2nd period - Ryan Kesler wins face-off versus Bryan Little in neutral zone.
11:18 of 2nd period - Minor Penalty to Ryan Kesler for High sticking.
11:19 of 2nd period - Corban Knight wins face-off versus Bryan Little in Canadiens zone.
11:36 of 2nd period - Ian White is hit by Patric Hornqvist and loses puck.
12:13 of 2nd period - Slapshot by Ian White.
12:13 of 2nd period - Shot Misses the Net.
12:22 of 2nd period - Icing by Patric Hornqvist.
12:23 of 2nd period - Bryan Little wins face-off versus Corban Knight in Avalanche zone.
13:00 of 2nd period - Bryan Little is hit by Brian Dumoulin.
13:18 of 2nd period - Penalty to Ryan Kesler is over, Ryan Kesler is back on ice.
13:32 of 2nd period - Wrist shot by Vincent Trocheck.
13:32 of 2nd period - Stopped by John Gibson without a rebound.
13:33 of 2nd period - Mika Zibanejad wins face-off versus Charlie Coyle in Canadiens zone.
13:45 of 2nd period - Icing by Charlie Coyle.
13:46 of 2nd period - Charlie Coyle wins face-off versus Mika Zibanejad in Avalanche zone.
13:56 of 2nd period - Minor Penalty to Bobby Ryan for Hooking.
13:57 of 2nd period - Bryan Little wins face-off versus Ryan Kesler in Canadiens zone.
14:31 of 2nd period - Snap shot by Luke Witkowski.
14:31 of 2nd period - Shot Misses the Net.
14:43 of 2nd period - Scott Hartnell is hit by Bryan Little and loses puck.
15:24 of 2nd period - Jack Johnson is hit by Corban Knight and loses puck.
15:31 of 2nd period - Corban Knight is hit by Luke Witkowski and loses puck.
15:56 of 2nd period - Penalty to Bobby Ryan is over, Bobby Ryan is back on ice.
15:58 of 2nd period - Mark Stuart is hit by Pavel Buchnevich and loses puck.
16:21 of 2nd period - Daniel Carr is hit by Jean-Gabriel Pageau.
16:44 of 2nd period - Icing by Daniel Carr.
16:45 of 2nd period - Mika Zibanejad wins face-off versus Vincent Trocheck in Avalanche zone.
16:46 of 2nd period - Snap shot by Chris Kreider.
16:46 of 2nd period - Shot Blocked by Colten Teubert.
16:48 of 2nd period - Wrist shot by Mika Zibanejad.
16:48 of 2nd period - Shot Blocked by Daniel Carr.
16:50 of 2nd period - Slapshot by Kevin Shattenkirk.
16:50 of 2nd period - Stopped by Semyon Varlamov without a rebound.
16:51 of 2nd period - Patric Hornqvist wins face-off versus Mika Zibanejad in Avalanche zone.
18:56 of 2nd period - Pavel Buchnevich is hit by Chris Kreider and loses puck.
19:07 of 2nd period - Slapshot by Mika Zibanejad.
19:07 of 2nd period - Shot Misses the Net.
19:20 of 2nd period - Slapshot by Pavel Buchnevich.
19:20 of 2nd period - Stopped by John Gibson without a rebound.
19:21 of 2nd period - Jean-Gabriel Pageau wins face-off versus Bryan Little in Canadiens zone.
19:26 of 2nd period - Slapshot by Kevin Shattenkirk.
19:26 of 2nd period - Stopped by Semyon Varlamov without a rebound.
19:27 of 2nd period - Patric Hornqvist wins face-off versus Greg Stewart in Avalanche zone.
19:38 of 2nd period - Backhand shot by Mikkel Boedker.
19:38 of 2nd period - Shot Blocked by Adam Fox.
19:44 of 2nd period - Snap shot by Jean-Gabriel Pageau.
19:44 of 2nd period - Shot Blocked by Mattias Ekholm.
Goals for this period are 0 for Canadiens vs 0 for Avalanche.
Shots for this period are 6 for Canadiens vs 4 for Avalanche.

3rd period


0:01 of 3rd period - Mika Zibanejad wins face-off versus Bryan Little in neutral zone.
0:11 of 3rd period - Minor Penalty to Patric Hornqvist for Hooking.
0:12 of 3rd period - Mikkel Boedker wins face-off versus Mika Zibanejad in Avalanche zone.
0:28 of 3rd period - Snap shot by Bobby Ryan.
0:28 of 3rd period - Stopped by Semyon Varlamov without a rebound.
0:29 of 3rd period - Mika Zibanejad wins face-off versus Mikkel Boedker in Avalanche zone.
0:58 of 3rd period - Wrist shot by Steve Downie.
0:58 of 3rd period - Shot Misses the Net.
1:00 of 3rd period - Snap shot by Steve Downie.
1:00 of 3rd period - Deflect By Bryan Little.
1:00 of 3rd period - Shot Misses the Net.
1:00 of 3rd period - Puck is out of play.
1:01 of 3rd period - Jean-Gabriel Pageau wins face-off versus Mikkel Boedker in Avalanche zone.
1:26 of 3rd period - Mark Stuart is hit by Charlie Coyle and loses puck.
2:10 of 3rd period - Icing by Bobby Ryan.
2:11 of 3rd period - Penalty to Patric Hornqvist is over, Patric Hornqvist is back on ice.
2:11 of 3rd period - Mika Zibanejad wins face-off versus Vincent Trocheck in Canadiens zone.
2:26 of 3rd period - Wrist shot by Mattias Tedenby.
2:26 of 3rd period - Deflect By Corban Knight.
2:26 of 3rd period - Shot Misses the Net.
2:26 of 3rd period - Puck is out of play.
2:27 of 3rd period - Charlie Coyle wins face-off versus Jean-Gabriel Pageau in Avalanche zone.
2:27 of 3rd period - Charlie Coyle is hit by Adam Fox.
2:42 of 3rd period - Kevin Shattenkirk is hit by Luke Witkowski and loses puck.
2:55 of 3rd period - Slapshot by Adam Fox.
2:55 of 3rd period - Stopped by Semyon Varlamov without a rebound.
2:56 of 3rd period - Bryan Little wins face-off versus Ryan Kesler in Avalanche zone.
2:56 of 3rd period - Bryan Little is hit by Scott Hartnell.
3:12 of 3rd period - Slapshot by Cam Fowler.
3:12 of 3rd period - Stopped by Semyon Varlamov with a rebound.
4:24 of 3rd period - Slapshot by Mark Stuart.
4:24 of 3rd period - Shot Misses the Net.
4:26 of 3rd period - Minor Penalty to Daniel Carr for Interference.
4:27 of 3rd period - Mikkel Boedker wins face-off versus Mika Zibanejad in Avalanche zone.
4:27 of 3rd period - Mikkel Boedker is hit by Chris Kreider.
4:39 of 3rd period - Backhand shot by Chris Kreider.
4:39 of 3rd period - Goal by Chris Kreider - Canadiens : 3 - Avalanche : 1.
4:40 of 3rd period - Bryan Little wins face-off versus Mika Zibanejad in neutral zone.
4:53 of 3rd period - Wrist shot by Bryan Little.
4:53 of 3rd period - Goal by Bryan Little - Canadiens : 3 - Avalanche : 2.
4:54 of 3rd period - Bryan Little wins face-off versus Mika Zibanejad in neutral zone.
5:07 of 3rd period - Wrist shot by Bryan Little.
5:07 of 3rd period - Stopped by John Gibson with a rebound.
5:09 of 3rd period - Backhand shot by Patric Hornqvist.
5:09 of 3rd period - Shot Misses the Net.
5:11 of 3rd period - Snap shot by Mikkel Boedker.
5:11 of 3rd period - Stopped by John Gibson without a rebound.
5:12 of 3rd period - Charlie Coyle wins face-off versus Jean-Gabriel Pageau in Canadiens zone.
5:48 of 3rd period - Slapshot by Bobby Ryan.
5:48 of 3rd period - Shot Misses the Net.
5:50 of 3rd period - Snap shot by Chris Kreider.
5:50 of 3rd period - Deflect By Patric Hornqvist.
5:50 of 3rd period - Shot Blocked by Erik Karlsson.
5:50 of 3rd period - Puck is out of play.
5:51 of 3rd period - Jean-Gabriel Pageau wins face-off versus Vincent Trocheck in Avalanche zone.
6:04 of 3rd period - Snap shot by Jean-Gabriel Pageau.
6:04 of 3rd period - Shot Misses the Net.
6:46 of 3rd period - Wrist shot by Mattias Ekholm.
6:46 of 3rd period - Stopped by John Gibson with a rebound.
6:56 of 3rd period - Snap shot by Luke Witkowski.
6:56 of 3rd period - Deflect By Jordan Szwarz.
6:56 of 3rd period - Shot Misses the Net.
6:56 of 3rd period - Puck is out of play.
6:57 of 3rd period - Mika Zibanejad wins face-off versus Bryan Little in Canadiens zone.
7:02 of 3rd period - Snap shot by Chris Kreider.
7:02 of 3rd period - Deflect By Bobby Ryan.
7:02 of 3rd period - Shot Misses the Net.
7:02 of 3rd period - Puck is out of play.
7:03 of 3rd period - Bryan Little wins face-off versus Mika Zibanejad in Avalanche zone.
7:03 of 3rd period - Mikkel Boedker is hit by Chris Kreider and loses puck.
7:30 of 3rd period - Steve Downie is hit by Jack Johnson and loses puck.
7:41 of 3rd period - Snap shot by Charlie Coyle.
7:41 of 3rd period - Deflect By Luke Witkowski.
7:41 of 3rd period - Stopped by John Gibson without a rebound.
7:42 of 3rd period - Charlie Coyle wins face-off versus Mika Zibanejad in Canadiens zone.
8:09 of 3rd period - Greg Stewart is hit by Patric Hornqvist and loses puck.
8:20 of 3rd period - Minor Penalty to Cam Fowler for Interference.
8:21 of 3rd period - Ryan Kesler wins face-off versus Bryan Little in Canadiens zone.
10:20 of 3rd period - Penalty to Cam Fowler is over, Cam Fowler is back on ice.
10:27 of 3rd period - Vincent Trocheck is hit by Adam Fox and loses puck.
10:36 of 3rd period - Wrist shot by Greg Stewart.
10:36 of 3rd period - Shot Misses the Net.
10:48 of 3rd period - Jarred Tinordi is hit by Bobby Ryan and loses puck.
11:16 of 3rd period - Charlie Coyle is hit by Corban Knight.
11:32 of 3rd period - Slapshot by Adam Fox.
11:32 of 3rd period - Deflect By Jean-Gabriel Pageau.
11:32 of 3rd period - Shot Blocked by Jack Johnson.
11:32 of 3rd period - Puck is out of play.
11:33 of 3rd period - Jean-Gabriel Pageau wins face-off versus Charlie Coyle in Avalanche zone.
11:34 of 3rd period - Wrist shot by Greg Stewart.
11:34 of 3rd period - Shot Blocked by Luke Witkowski.
11:36 of 3rd period - Wrist shot by Steve Downie.
11:36 of 3rd period - Stopped by Semyon Varlamov with a rebound.
12:16 of 3rd period - Charlie Coyle is hit by Adam Fox and loses puck.
12:59 of 3rd period - Wrist shot by Greg Stewart.
12:59 of 3rd period - Deflect By Steve Downie.
12:59 of 3rd period - Stopped by Semyon Varlamov with a rebound.
14:56 of 3rd period - Wrist shot by Jordan Szwarz.
14:56 of 3rd period - Shot Misses the Net.
14:58 of 3rd period - Slapshot by Scott Hartnell.
14:58 of 3rd period - Shot Misses the Net.
15:00 of 3rd period - Snap shot by Jordan Szwarz.
15:00 of 3rd period - Shot Misses the Net.
15:44 of 3rd period - Steve Downie is hit by Vincent Trocheck and loses puck.
16:38 of 3rd period - Slapshot by Cam Fowler.
16:38 of 3rd period - Deflect By Mattias Ekholm.
16:38 of 3rd period - Stopped by Semyon Varlamov with a rebound.
18:14 of 3rd period - Off-side.
18:15 of 3rd period - Charlie Coyle wins face-off versus Ryan Kesler in neutral zone.
18:24 of 3rd period - Jordan Szwarz is hit by Mattias Ekholm and loses puck.
18:37 of 3rd period - Colten Teubert is hit by Kevin Shattenkirk and loses puck.
18:54 of 3rd period - Jordan Szwarz is hit by Mikkel Boedker and loses puck.
18:57 of 3rd period - Avalanche, Semyon Varlamov is pulled from the net.
19:03 of 3rd period - Snap shot by Mikkel Boedker.
19:03 of 3rd period - Stopped by John Gibson with a rebound.
19:05 of 3rd period - Snap shot by Mikkel Boedker.
19:05 of 3rd period - Shot Misses the Net.
19:07 of 3rd period - Slapshot by Jack Johnson.
19:07 of 3rd period - Shot Blocked by Scott Hartnell.
19:09 of 3rd period - Backhand shot by Bryan Little.
19:09 of 3rd period - Goal by Bryan Little - Canadiens : 3 - Avalanche : 3.
19:09 of 3rd period - Semyon Varlamov from Avalanche was sent back in the game.
19:10 of 3rd period - Vincent Trocheck wins face-off versus Ryan Kesler in neutral zone.
19:13 of 3rd period - Slapshot by Erik Karlsson.
19:13 of 3rd period - Stopped by John Gibson with a rebound.
19:15 of 3rd period - Snap shot by Daniel Carr.
19:15 of 3rd period - Shot Misses the Net.
19:17 of 3rd period - Wrist shot by Pavel Buchnevich.
19:17 of 3rd period - Shot Blocked by Cam Fowler.
Goals for this period are 1 for Canadiens vs 2 for Avalanche.
Shots for this period are 7 for Canadiens vs 8 for Avalanche.

Overtime #1


0:01 of 1st overtime period - Mikkel Boedker wins face-off versus Ryan Kesler in neutral zone.
0:48 of 1st overtime period - Wrist shot by Mattias Tedenby.
0:48 of 1st overtime period - Shot Misses the Net.
0:54 of 1st overtime period - Mattias Tedenby is hit by Charlie Coyle and loses puck.
0:59 of 1st overtime period - Wrist shot by Patric Hornqvist.
0:59 of 1st overtime period - Stopped by John Gibson without a rebound.
1:00 of 1st overtime period - Mikkel Boedker wins face-off versus Ryan Kesler in Canadiens zone.
1:21 of 1st overtime period - Pavel Buchnevich is hit by Mattias Tedenby and loses puck.
1:28 of 1st overtime period - Corban Knight is hit by Colten Teubert.
3:11 of 1st overtime period - Adam Fox is hit by Patric Hornqvist.
4:05 of 1st overtime period - Wrist shot by Bobby Ryan.
4:05 of 1st overtime period - Stopped by Semyon Varlamov with a rebound.
4:36 of 1st overtime period - Patric Hornqvist is hit by Mattias Tedenby and loses puck.
Goals for this period are 0 for Canadiens vs 0 for Avalanche.
Shots for this period are 1 for Canadiens vs 1 for Avalanche.

ShootOut


5:00 of 1st overtime period - Round #1.
5:00 of 1st overtime period - Canadiens, Chris Kreider.
5:00 of 1st overtime period - Snap shot by Chris Kreider.
5:00 of 1st overtime period - Shot Misses the Net.
5:00 of 1st overtime period - Avalanche, Mikkel Boedker.
5:00 of 1st overtime period - Backhand shot by Mikkel Boedker.
5:00 of 1st overtime period - Stopped by John Gibson.
5:00 of 1st overtime period - Round #2.
5:00 of 1st overtime period - Canadiens, Jean-Gabriel Pageau.
5:00 of 1st overtime period - Snap shot by Jean-Gabriel Pageau.
5:00 of 1st overtime period - Stopped by Semyon Varlamov.
5:00 of 1st overtime period - Avalanche, Bryan Little.
5:00 of 1st overtime period - Snap shot by Bryan Little.
5:00 of 1st overtime period - Stopped by John Gibson.
5:00 of 1st overtime period - Round #3.
5:00 of 1st overtime period - Canadiens, Mika Zibanejad.
5:00 of 1st overtime period - Deke by Mika Zibanejad.
5:00 of 1st overtime period - Stopped by Semyon Varlamov.
5:00 of 1st overtime period - Avalanche, Patric Hornqvist.
5:00 of 1st overtime period - Deke by Patric Hornqvist.
5:00 of 1st overtime period - Goal by Patric Hornqvist.